2662 views
Uploaded 2019-12-15 13:54:53
Game version 1.32.0.4
22:23 long 3on3 ladder game on (6)ThunderLake_LV
Saved by BEARAND
2662 views
Uploaded 2019-12-15 13:54:53
Game version 1.32.0.4
22:23 long 3on3 ladder game on (6)ThunderLake_LV


77 units @ 7.4k
/ 0.7k
212 buildings @ 20.9k
/ 12.6k
ChuckleMan
(103)
(22:16) : 

| Lesser Clarity Potion | 4 | 280 |
| Healing Salve | 3 | 300 |
| Boots of Speed | 2 | 500 |
| Staff of Teleportation | 2 | 300 |
| Gloves of Haste | 1 | 125 |
| Amulet of Spell Shield | 1 | 600 |
| Pendant of Mana | 1 | 600 |
| total: | 14 | 2705g |
| Peon | 28 | 2100 | / | 0 |
| Troll Batrider | 6 | 960 | / | 240 |
| Goblin Zeppelin | 2 | 480 | / | 120 |
| Goblin Shredder | 2 | 750 | / | 200 |
| total: | 38 | 4290g | / | 560w |
| Watch Tower | 40 | 4400 | / | 3200 |
| Altar of Storms | 3 | 540 | / | 150 |
| Orc Burrow | 3 | 480 | / | 120 |
| Voodoo Lounge | 5 | 650 | / | 150 |
| War Mill | 1 | 205 | / | 0 |
| Great Hall | 1 | 385 | / | 185 |
| Beastiary | 2 | 290 | / | 280 |
| Stronghold | 2 | 630 | / | 380 |
| Fortress | 1 | 325 | / | 190 |
| total: | 55 | 6950g | / | 4085w |
| 0:03 | Peon |
| 0:03 | Peon |
| 0:07 | Altar of Storms |
| 0:15 | Orc Burrow |
| 0:19 | Peon |
| 0:45 | Peon |
| 0:45 | Peon |
| 1:01 | Altar of Storms |
| 1:08 | Voodoo Lounge |
| 1:12 | Peon |
| 1:18 | War Mill |
| 1:21 | Peon |
| 1:21 | Peon |
| 1:24 | Altar of Storms |
| 1:48 | Peon |
| 1:48 | Peon |
| 1:48 | Peon |
| 1:48 | Peon |
| 2:21 | Peon |
| 2:41 | Watch Tower |
| 2:47 | Watch Tower |
| 2:53 | Orc Burrow |
| 3:11 | Stronghold |
| 3:24 | Wind Walk |
| 3:25 | Lesser Clarity Potion |
| 3:26 | Lesser Clarity Potion |
| 3:26 | Healing Salve |
| 3:35 | Watch Tower |
| 3:49 | Watch Tower |
| 4:08 | Watch Tower |
| 4:49 | Watch Tower |
| 4:55 | Watch Tower |
| 5:14 | Watch Tower |
| 5:17 | Watch Tower |
| 5:32 | Peon |
| 5:32 | Peon |
| 5:33 | Peon |
| 5:33 | Peon |
| 5:47 | Watch Tower |
| 5:51 | Watch Tower |
| 6:01 | Peon |
| 6:02 | Peon |
| 6:02 | Peon |
| 6:02 | Peon |
| 6:02 | Peon |
| 6:17 | Boots of Speed |
| 6:24 | Watch Tower |
| 6:52 | Great Hall |
| 7:09 | Voodoo Lounge |
| 7:11 | Watch Tower |
| 7:14 | Critical Strike |
| 7:33 | Watch Tower |
| 8:13 | Staff of Teleportation |
| 8:19 | Watch Tower |
| 9:03 | Hex |
| 9:05 | Healing Salve |
| 9:05 | Healing Salve |
| 9:05 | Lesser Clarity Potion |
| 9:05 | Lesser Clarity Potion |
| 9:27 | Watch Tower |
| 9:29 | Watch Tower |
| 9:37 | Boots of Speed |
| 10:12 | Gloves of Haste |
| 10:27 | Watch Tower |
| 10:28 | Fortress |
| 10:31 | Peon |
| 10:48 | Staff of Teleportation |
| 10:55 | Peon |
| 10:55 | Peon |
| 11:01 | Watch Tower |
| 11:09 | Peon |
| 11:23 | Goblin Zeppelin |
| 11:38 | Goblin Shredder |
| 11:47 | Watch Tower |
| 11:51 | Watch Tower |
| 12:25 | Wind Walk |
| 13:20 | Healing Wave |
| 13:25 | Watch Tower |
| 13:26 | Watch Tower |
| 13:26 | Watch Tower |
| 13:27 | Watch Tower |
| 13:28 | Watch Tower |
| 13:32 | Watch Tower |
| 13:32 | Watch Tower |
| 13:43 | Watch Tower |
| 13:43 | Watch Tower |
| 14:23 | Beastiary |
| 14:24 | Beastiary |
| 14:30 | Peon |
| 14:31 | Peon |
| 14:33 | Orc Burrow |
| 14:50 | Goblin Zeppelin |
| 15:03 | Goblin Shredder |
| 15:18 | Watch Tower |
| 15:19 | Watch Tower |
| 16:42 | Healing Wave |
| 17:03 | Troll Batrider |
| 17:03 | Troll Batrider |
| 17:04 | Troll Batrider |
| 17:26 | Watch Tower |
| 17:26 | Watch Tower |
| 17:58 | Critical Strike |
| 18:18 | Voodoo Lounge |
| 18:21 | Voodoo Lounge |
| 18:23 | Voodoo Lounge |
| 18:37 | Watch Tower |
| 18:38 | Watch Tower |
| 18:58 | Amulet of Spell Shield |
| 19:02 | Pendant of Mana |
| 20:03 | Watch Tower |
| 20:05 | Watch Tower |
| 20:06 | Watch Tower |
| 20:09 | Reinforced Defenses |
| 20:10 | Steel Ranged Weapons |
| 20:10 | Steel Armor |
| 20:45 | Watch Tower |
| 22:15 | Troll Batrider |
| 22:15 | Troll Batrider |
| 22:16 | Troll Batrider |
| Right click | 811 |
| Select group | 261 |
| Select | 239 |
| Build/train/purchase | 113 |
| Use ability | 48 |
| Resource trade | 44 |
| Assign group | 34 |
| Misc. action | 33 |
| Esc | 11 |
| Item give/drop | 6 |



| Healing Salve | 1 | 100 |
| Lesser Clarity Potion | 1 | 70 |
| Orb of Lightning | 3 | 1125 |
| Staff of Teleportation | 3 | 450 |
| Boots of Speed | 3 | 750 |
| Circlet of Nobility | 2 | 350 |
| Potion of Invisibility | 1 | 100 |
| Staff of Sanctuary | 1 | 250 |
| Pendant of Mana | 2 | 1200 |
| total: | 17 | 4395g |
| Peon | 16 | 1200 | / | 0 |
| Troll Batrider | 2 | 320 | / | 80 |
| total: | 18 | 1520g | / | 80w |
| Watch Tower | 74 | 8140 | / | 5920 |
| Altar of Storms | 1 | 180 | / | 50 |
| Orc Burrow | 4 | 640 | / | 160 |
| Voodoo Lounge | 3 | 390 | / | 90 |
| War Mill | 1 | 205 | / | 0 |
| Great Hall | 1 | 385 | / | 185 |
| Beastiary | 1 | 145 | / | 140 |
| Stronghold | 1 | 315 | / | 190 |
| Fortress | 1 | 325 | / | 190 |
| total: | 85 | 10085g | / | 6545w |
| 0:03 | Peon |
| 0:04 | Peon |
| 0:06 | Altar of Storms |
| 0:09 | Peon |
| 0:29 | Orc Burrow |
| 0:31 | Peon |
| 0:40 | Peon |
| 1:09 | Voodoo Lounge |
| 1:10 | Peon |
| 1:11 | Peon |
| 1:21 | War Mill |
| 1:36 | Peon |
| 1:48 | Peon |
| 2:01 | Orc Burrow |
| 2:25 | Shockwave |
| 2:30 | Peon |
| 2:31 | Peon |
| 2:41 | Watch Tower |
| 2:47 | Watch Tower |
| 2:50 | Peon |
| 2:50 | Peon |
| 3:14 | Spiked Barricades |
| 3:16 | Peon |
| 3:50 | Watch Tower |
| 3:55 | Stronghold |
| 4:35 | Watch Tower |
| 4:37 | Watch Tower |
| 4:43 | Staff of Teleportation |
| 4:43 | Boots of Speed |
| 4:44 | Circlet of Nobility |
| 4:53 | Healing Salve |
| 4:53 | Lesser Clarity Potion |
| 4:57 | Watch Tower |
| 5:12 | Watch Tower |
| 5:45 | Watch Tower |
| 5:46 | Watch Tower |
| 5:55 | Endurance Aura |
| 6:11 | Watch Tower |
| 6:53 | Watch Tower |
| 6:54 | Watch Tower |
| 7:10 | Fortress |
| 7:13 | Watch Tower |
| 7:16 | Hex |
| 8:01 | Watch Tower |
| 8:02 | Watch Tower |
| 8:29 | Boots of Speed |
| 8:56 | Potion of Invisibility |
| 9:04 | Shockwave |
| 9:08 | Watch Tower |
| 9:09 | Watch Tower |
| 9:11 | Watch Tower |
| 9:24 | Voodoo Lounge |
| 9:25 | Voodoo Lounge |
| 9:39 | Reinforced Defenses |
| 9:42 | Orc Burrow |
| 10:18 | Healing Wave |
| 10:33 | Watch Tower |
| 10:35 | Watch Tower |
| 10:39 | Beastiary |
| 11:15 | Watch Tower |
| 11:30 | Staff of Teleportation |
| 11:53 | Silence |
| 12:04 | Boots of Speed |
| 12:04 | Circlet of Nobility |
| 12:21 | Watch Tower |
| 12:25 | Watch Tower |
| 12:27 | Watch Tower |
| 12:30 | Watch Tower |
| 12:31 | Watch Tower |
| 13:27 | Watch Tower |
| 13:28 | Watch Tower |
| 13:29 | Watch Tower |
| 13:29 | Watch Tower |
| 13:32 | Watch Tower |
| 13:33 | Watch Tower |
| 13:34 | Troll Batrider |
| 13:34 | Troll Batrider |
| 14:12 | Watch Tower |
| 14:18 | Watch Tower |
| 14:21 | Watch Tower |
| 14:22 | Watch Tower |
| 15:07 | Healing Wave |
| 15:08 | Life Drain |
| 15:12 | Orb of Lightning |
| 15:20 | Watch Tower |
| 15:21 | Watch Tower |
| 15:36 | Watch Tower |
| 15:38 | Watch Tower |
| 15:38 | Watch Tower |
| 16:15 | Endurance Aura |
| 16:35 | Watch Tower |
| 16:35 | Watch Tower |
| 16:57 | Watch Tower |
| 16:58 | Watch Tower |
| 17:03 | Watch Tower |
| 17:04 | Watch Tower |
| 17:09 | Watch Tower |
| 17:09 | Watch Tower |
| 17:18 | Peon |
| 17:18 | Peon |
| 17:29 | Watch Tower |
| 17:43 | Watch Tower |
| 17:44 | Watch Tower |
| 17:54 | Watch Tower |
| 17:55 | Watch Tower |
| 18:17 | Great Hall |
| 18:21 | Watch Tower |
| 18:21 | Watch Tower |
| 18:22 | Watch Tower |
| 18:25 | Orb of Lightning |
| 18:34 | Watch Tower |
| 18:44 | Improved Spiked Barricades |
| 18:47 | Orc Burrow |
| 18:52 | Pendant of Mana |
| 19:26 | Watch Tower |
| 19:28 | Watch Tower |
| 19:28 | Watch Tower |
| 19:30 | Watch Tower |
| 19:31 | Watch Tower |
| 19:35 | Watch Tower |
| 19:38 | Watch Tower |
| 19:40 | Staff of Teleportation |
| 19:52 | Watch Tower |
| 20:09 | Pendant of Mana |
| 20:38 | Watch Tower |
| 20:39 | Watch Tower |
| 20:40 | Watch Tower |
| 20:40 | Watch Tower |
| 20:41 | Watch Tower |
| 20:50 | Watch Tower |
| 20:51 | Watch Tower |
| 20:55 | Orb of Lightning |
| 20:59 | Watch Tower |
| 21:02 | Staff of Sanctuary |
| Select group | 1047 |
| Right click | 961 |
| Select | 195 |
| Misc. action | 81 |
| Use ability | 63 |
| Build/train/purchase | 59 |
| Minimap ping | 21 |
| Chat | 17 |
| Item give/drop | 13 |
| Assign group | 5 |
| Esc | 2 |
BEARAND
(22:17) : 


x1)
| Staff of Sanctuary | 3 | 750 |
| Potion of Healing | 1 | 150 |
| Boots of Speed | 3 | 750 |
| Staff of Teleportation | 4 | 600 |
| Periapt of Vitality | 3 | 975 |
| Tome of Retraining | 1 | 300 |
| Healing Salve | 1 | 100 |
| Orb of Lightning | 2 | 750 |
| Khadgar's Gem of Health | 1 | 600 |
| Amulet of Spell Shield | 1 | 600 |
| total: | 20 | 5575g |
| Peasant | 20 | 1500 | / | 0 |
| Priest | 1 | 135 | / | 10 |
| total: | 21 | 1635g | / | 10w |
| Scout Tower | 56 | 1680 | / | 1120 |
| Arcane Tower | 3 | 210 | / | 150 |
| Guard Tower | 22 | 1540 | / | 1100 |
| Altar of Kings | 1 | 180 | / | 50 |
| Farm | 5 | 400 | / | 100 |
| Lumber Mill | 1 | 120 | / | 0 |
| Town Hall | 1 | 385 | / | 205 |
| Arcane Vault | 4 | 520 | / | 120 |
| Blacksmith | 1 | 140 | / | 60 |
| Barracks | 1 | 160 | / | 60 |
| Arcane Sanctum | 1 | 150 | / | 140 |
| Gryphon Aviary | 1 | 140 | / | 150 |
| Keep | 1 | 320 | / | 210 |
| Castle | 1 | 360 | / | 210 |
| total: | 72 | 3875g | / | 2005w |
| 0:02 | Peasant |
| 0:02 | Peasant |
| 0:06 | Altar of Kings |
| 0:16 | Peasant |
| 0:18 | Farm |
| 0:26 | Peasant |
| 0:36 | Peasant |
| 0:40 | Farm |
| 0:49 | Scout Tower |
| 1:10 | Peasant |
| 1:17 | Lumber Mill |
| 1:19 | Peasant |
| 1:22 | Scout Tower |
| 1:31 | Peasant |
| 1:36 | Arcane Tower |
| 1:43 | Scout Tower |
| 1:48 | Peasant |
| 2:06 | Summon Water Elemental |
| 2:14 | Peasant |
| 2:16 | Scout Tower |
| 2:16 | Scout Tower |
| 2:27 | Guard Tower |
| 2:31 | Guard Tower |
| 2:42 | Peasant |
| 2:42 | Peasant |
| 2:43 | Peasant |
| 2:43 | Peasant |
| 2:47 | Scout Tower |
| 3:00 | Guard Tower |
| 4:05 | Brilliance Aura |
| 4:13 | Keep |
| 4:24 | Town Hall |
| 4:38 | Guard Tower |
| 4:41 | Scout Tower |
| 5:01 | Scout Tower |
| 5:01 | Scout Tower |
| 5:02 | Scout Tower |
| 5:02 | Scout Tower |
| 5:05 | Farm |
| 5:07 | Improved Masonry |
| 5:10 | Scout Tower |
| 5:11 | Scout Tower |
| 5:11 | Scout Tower |
| 5:11 | Scout Tower |
| 5:27 | Boots of Speed |
| 5:27 | Staff of Teleportation |
| 5:31 | Staff of Teleportation |
| 6:02 | Guard Tower |
| 6:06 | Peasant |
| 6:07 | Peasant |
| 6:09 | Peasant |
| 6:23 | Peasant |
| 6:57 | Guard Tower |
| 6:57 | Guard Tower |
| 6:59 | Scout Tower |
| 6:59 | Scout Tower |
| 7:00 | Scout Tower |
| 7:01 | Scout Tower |
| 7:30 | Castle |
| 7:31 | Advanced Masonry |
| 7:31 | Improved Lumber Harvesting |
| 7:33 | Guard Tower |
| 7:37 | Scout Tower |
| 7:37 | Scout Tower |
| 7:38 | Scout Tower |
| 7:38 | Scout Tower |
| 7:48 | Storm Bolt |
| 8:20 | Arcane Sanctum |
| 8:23 | Guard Tower |
| 8:32 | Boots of Speed |
| 8:32 | Periapt of Vitality |
| 8:36 | Summon Water Elemental |
| 9:05 | Guard Tower |
| 9:07 | Scout Tower |
| 9:07 | Scout Tower |
| 9:08 | Scout Tower |
| 9:08 | Scout Tower |
| 9:09 | Scout Tower |
| 9:10 | Scout Tower |
| 10:06 | Magic Sentry |
| 10:06 | Priest |
| 10:09 | Arcane Vault |
| 10:13 | Arcane Vault |
| 10:14 | Guard Tower |
| 10:15 | Imbued Masonry |
| 10:15 | Advanced Lumber Harvesting |
| 10:34 | Guard Tower |
| 10:38 | Peasant |
| 10:38 | Peasant |
| 10:42 | Guard Tower |
| 11:16 | Staff of Sanctuary |
| 11:18 | Potion of Healing |
| 11:31 | Healing Salve |
| 11:31 | Orb of Lightning |
| 11:39 | Guard Tower |
| 11:40 | Scout Tower |
| 11:40 | Scout Tower |
| 11:41 | Scout Tower |
| 11:42 | Scout Tower |
| 11:51 | Periapt of Vitality |
| 11:59 | Holy Light |
| 12:16 | Staff of Sanctuary |
| 12:21 | Scout Tower |
| 12:21 | Scout Tower |
| 12:22 | Scout Tower |
| 12:22 | Scout Tower |
| 12:23 | Scout Tower |
| 12:24 | Scout Tower |
| 12:24 | Scout Tower |
| 12:25 | Scout Tower |
| 12:25 | Scout Tower |
| 12:46 | Boots of Speed |
| 12:48 | Periapt of Vitality |
| 12:55 | Staff of Teleportation |
| 13:06 | Bash |
| 13:15 | Arcane Tower |
| 14:01 | Khadgar's Gem of Health |
| 14:13 | Guard Tower |
| 14:16 | Scout Tower |
| 14:17 | Scout Tower |
| 14:18 | Scout Tower |
| 14:18 | Scout Tower |
| 16:05 | Brilliance Aura |
| 16:08 | Divine Shield |
| 17:21 | Guard Tower |
| 17:27 | Staff of Teleportation |
| 17:59 | Scout Tower |
| 17:59 | Scout Tower |
| 18:00 | Scout Tower |
| 18:01 | Scout Tower |
| 18:04 | Scout Tower |
| 18:04 | Scout Tower |
| 18:05 | Scout Tower |
| 18:05 | Scout Tower |
| 18:06 | Scout Tower |
| 18:06 | Scout Tower |
| 18:11 | Tome of Retraining |
| 18:11 | Retrain Hero |
| 18:18 | Blizzard |
| 18:18 | Brilliance Aura |
| 18:18 | Blizzard |
| 18:19 | Brilliance Aura |
| 18:50 | Staff of Sanctuary |
| 19:23 | Orb of Lightning |
| 19:29 | Arcane Vault |
| 19:31 | Arcane Vault |
| 19:40 | Guard Tower |
| 19:51 | Amulet of Spell Shield |
| 20:07 | Guard Tower |
| 20:08 | Guard Tower |
| 20:55 | Gryphon Aviary |
| 20:56 | Blacksmith |
| 20:59 | Barracks |
| 21:00 | Priest Adept Training |
| 21:01 | Sorceress Adept Training |
| 21:03 | Farm |
| 21:04 | Farm |
| 21:05 | Guard Tower |
| 21:41 | Guard Tower |
| Right click | 1480 |
| Select | 548 |
| Select group | 262 |
| Build/train/purchase | 140 |
| Use ability | 45 |
| Resource trade | 29 |
| Misc. action | 23 |
| Assign group | 22 |
| Chat | 16 |
| Minimap ping | 12 |
| Item give/drop | 9 |
127 units @ 17.9k
/ 2.8k
65 buildings @ 8.5k
/ 3.8k


| Wisp | 22 | 1320 | / | 0 |
| Archer | 8 | 1040 | / | 80 |
| Huntress | 1 | 195 | / | 20 |
| Dryad | 14 | 2030 | / | 840 |
| Faerie Dragon | 8 | 1240 | / | 200 |
| Druid of the Claw | 1 | 255 | / | 80 |
| Glaive Thrower | 1 | 210 | / | 65 |
| Chimaera | 3 | 990 | / | 210 |
| total: | 58 | 7280g | / | 1495w |
| Ancient Protector | 6 | 810 | / | 480 |
| Altar of Elders | 1 | 180 | / | 50 |
| Moon Well | 8 | 1440 | / | 320 |
| Ancient of War | 1 | 150 | / | 60 |
| Hunter's Hall | 1 | 210 | / | 100 |
| Tree of Life | 1 | 340 | / | 185 |
| Ancient of Wonders | 1 | 90 | / | 30 |
| Ancient of Lore | 2 | 310 | / | 290 |
| Ancient of Wind | 1 | 150 | / | 140 |
| Chimaera Roost | 2 | 280 | / | 380 |
| Tree of Ages | 1 | 320 | / | 180 |
| Tree of Eternity | 1 | 330 | / | 200 |
| total: | 24 | 3960g | / | 2035w |
| 0:15 | Wisp |
| 0:16 | Wisp |
| 0:22 | Altar of Elders |
| 0:29 | Moon Well |
| 0:44 | Wisp |
| 0:47 | Wisp |
| 0:55 | Ancient of War |
| 1:24 | Wisp |
| 1:34 | Wisp |
| 1:54 | Wisp |
| 1:58 | Archer |
| 2:03 | Moon Well |
| 2:13 | Wisp |
| 2:13 | Wisp |
| 2:18 | Archer |
| 2:45 | Moon Well |
| 3:01 | Archer |
| 3:12 | Tree of Ages |
| 3:23 | Blink |
| 3:32 | Archer |
| 3:48 | Hunter's Hall |
| 3:59 | Archer |
| 4:45 | Archer |
| 4:45 | Archer |
| 5:01 | Moon Well |
| 5:46 | Fan of Knives |
| 5:58 | Tree of Life |
| 6:02 | Wisp |
| 6:02 | Wisp |
| 6:02 | Wisp |
| 6:03 | Wisp |
| 6:08 | Ancient of Lore |
| 6:22 | Ancient of Wonders |
| 7:23 | Huntress |
| 7:30 | Dryad |
| 7:39 | Ancient of Lore |
| 7:51 | Ancient of Wind |
| 8:30 | Force of Nature |
| 8:40 | Dryad |
| 8:42 | Dryad |
| 8:57 | Archer |
| 8:59 | Dryad |
| 9:03 | Faerie Dragon |
| 9:26 | Wisp |
| 9:34 | Wisp |
| 9:43 | Wisp |
| 9:49 | Wisp |
| 10:11 | Dryad |
| 10:21 | Wisp |
| 11:41 | Moon Well |
| 11:45 | Moon Well |
| 12:01 | Tree of Eternity |
| 13:06 | Dryad |
| 13:29 | Druid of the Claw |
| 13:46 | Faerie Dragon |
| 13:52 | Glaive Thrower |
| 14:08 | Moon Well |
| 14:12 | Moon Well |
| 14:18 | Dryad |
| 14:35 | Dryad |
| 14:41 | Faerie Dragon |
| 14:41 | Faerie Dragon |
| 14:45 | Wisp |
| 14:45 | Wisp |
| 14:45 | Wisp |
| 14:46 | Wisp |
| 15:25 | Chimaera Roost |
| 16:52 | Dryad |
| 16:57 | Dryad |
| 17:02 | Faerie Dragon |
| 17:03 | Faerie Dragon |
| 17:10 | Chimaera |
| 17:11 | Chimaera |
| 17:21 | Chimaera Roost |
| 17:43 | Dryad |
| 17:56 | Ancient Protector |
| 18:02 | Ancient Protector |
| 18:07 | Ancient Protector |
| 18:26 | Dryad |
| 18:29 | Faerie Dragon |
| 18:47 | Faerie Dragon |
| 19:09 | Chimaera |
| 19:41 | Dryad |
| 20:08 | Blink |
| 20:39 | Dryad |
| 21:04 | Ancient Protector |
| 21:10 | Ancient Protector |
| 21:18 | Ancient Protector |
| Right click | 378 |
| Select | 261 |
| Build/train/purchase | 69 |
| Use ability | 11 |
| Item give/drop | 1 |


| Lesser Clarity Potion | 1 | 70 |
| Healing Salve | 5 | 500 |
| Potion of Healing | 2 | 300 |
| Tiny Great Hall | 1 | 600 |
| Scroll of Town Portal | 2 | 700 |
| total: | 11 | 2170g |
| Peon | 7 | 525 | / | 0 |
| Grunt | 9 | 1800 | / | 0 |
| Troll Batrider | 5 | 800 | / | 200 |
| Kodo Beast | 1 | 255 | / | 60 |
| Demolisher | 6 | 1320 | / | 300 |
| Raider | 2 | 360 | / | 80 |
| total: | 30 | 5060g | / | 640w |
| Altar of Storms | 1 | 180 | / | 50 |
| Orc Burrow | 6 | 960 | / | 240 |
| Barracks | 1 | 180 | / | 50 |
| Voodoo Lounge | 1 | 130 | / | 30 |
| War Mill | 1 | 205 | / | 0 |
| Spirit Lodge | 1 | 150 | / | 150 |
| Beastiary | 2 | 290 | / | 280 |
| Stronghold | 1 | 315 | / | 190 |
| Fortress | 1 | 325 | / | 190 |
| total: | 13 | 2095g | / | 800w |
| 0:01 | Peon |
| 0:01 | Peon |
| 0:10 | Altar of Storms |
| 0:18 | Peon |
| 0:35 | Orc Burrow |
| 0:38 | Peon |
| 0:49 | Barracks |
| 0:55 | Peon |
| 1:13 | Peon |
| 1:33 | Peon |
| 1:38 | Voodoo Lounge |
| 1:49 | Orc Burrow |
| 1:55 | Grunt |
| 2:21 | War Mill |
| 2:39 | Shockwave |
| 2:45 | Grunt |
| 3:05 | Grunt |
| 3:16 | Orc Burrow |
| 3:40 | Grunt |
| 4:04 | Stronghold |
| 4:26 | Grunt |
| 4:49 | Grunt |
| 5:20 | Grunt |
| 5:24 | Orc Burrow |
| 5:54 | Grunt |
| 6:26 | Fortress |
| 6:31 | Spirit Lodge |
| 6:44 | Lesser Clarity Potion |
| 6:44 | Healing Salve |
| 6:55 | Healing Salve |
| 7:11 | Endurance Aura |
| 7:51 | Beastiary |
| 8:09 | Beastiary |
| 8:31 | Healing Wave |
| 9:11 | Liquid Fire |
| 9:16 | Shaman Adept Training |
| 9:20 | Scroll of Town Portal |
| 9:21 | Potion of Healing |
| 9:32 | Potion of Healing |
| 10:17 | Shaman Master Training |
| 10:23 | Troll Batrider |
| 10:24 | Troll Batrider |
| 10:30 | Healing Salve |
| 11:21 | Troll Batrider |
| 11:29 | Serpent Ward |
| 12:01 | Troll Batrider |
| 12:06 | Orc Burrow |
| 12:13 | Reinforced Defenses |
| 13:29 | Troll Batrider |
| 13:40 | Healing Salve |
| 13:59 | Kodo Beast |
| 14:41 | Burning Oil |
| 14:42 | Demolisher |
| 14:42 | Demolisher |
| 17:03 | Demolisher |
| 17:03 | Demolisher |
| 17:10 | Raider |
| 17:11 | Ensnare |
| 17:12 | Raider |
| 17:31 | Orc Burrow |
| 17:34 | Spiked Barricades |
| 17:54 | Scroll of Town Portal |
| 18:05 | Healing Salve |
| 18:30 | Demolisher |
| 19:48 | Tiny Great Hall |
| 20:59 | Demolisher |
| 21:08 | Shockwave |
| 21:53 | Grunt |
| Right click | 582 |
| Select group | 320 |
| Select | 201 |
| Build/train/purchase | 60 |
| Assign group | 33 |
| Use ability | 26 |
| Minimap ping | 3 |
| Misc. action | 2 |
| Item give/drop | 2 |


| Lesser Clarity Potion | 1 | 70 |
| Orb of Fire | 1 | 325 |
| Ivory Tower | 2 | 80 |
| total: | 4 | 475g |
| Peasant | 14 | 1050 | / | 0 |
| Footman | 8 | 1080 | / | 0 |
| Knight | 10 | 2450 | / | 600 |
| Priest | 7 | 945 | / | 70 |
| total: | 39 | 5525g | / | 670w |
| Scout Tower | 12 | 360 | / | 240 |
| Arcane Tower | 1 | 70 | / | 50 |
| Guard Tower | 4 | 280 | / | 200 |
| Altar of Kings | 1 | 180 | / | 50 |
| Farm | 8 | 640 | / | 160 |
| Barracks | 2 | 320 | / | 120 |
| Arcane Vault | 1 | 130 | / | 30 |
| Blacksmith | 1 | 140 | / | 60 |
| Lumber Mill | 1 | 120 | / | 0 |
| Town Hall | 1 | 385 | / | 205 |
| Arcane Sanctum | 1 | 150 | / | 140 |
| Keep | 1 | 320 | / | 210 |
| Castle | 3 | 1080 | / | 630 |
| total: | 28 | 2425g | / | 1005w |
| 0:06 | Altar of Kings |
| 0:09 | Peasant |
| 0:10 | Peasant |
| 0:10 | Peasant |
| 0:14 | Farm |
| 0:30 | Peasant |
| 0:30 | Peasant |
| 0:55 | Barracks |
| 1:12 | Peasant |
| 1:17 | Arcane Vault |
| 1:24 | Peasant |
| 1:42 | Farm |
| 1:47 | Scout Tower |
| 1:57 | Peasant |
| 2:25 | Arcane Tower |
| 2:31 | Scout Tower |
| 2:41 | Scout Tower |
| 2:53 | Holy Light |
| 3:04 | Farm |
| 3:26 | Footman |
| 3:26 | Footman |
| 3:30 | Footman |
| 3:56 | Blacksmith |
| 4:07 | Lumber Mill |
| 4:29 | Lesser Clarity Potion |
| 4:30 | Keep |
| 5:16 | Iron Forged Swords |
| 5:37 | Iron Plating |
| 5:41 | Footman |
| 5:41 | Footman |
| 5:41 | Footman |
| 6:02 | Footman |
| 6:03 | Footman |
| 6:30 | Defend |
| 6:33 | Guard Tower |
| 6:35 | Improved Masonry |
| 6:51 | Castle |
| 6:53 | Improved Lumber Harvesting |
| 7:22 | Farm |
| 7:24 | Farm |
| 7:39 | Steel Forged Swords |
| 7:40 | Steel Plating |
| 7:43 | Advanced Masonry |
| 8:16 | Devotion Aura |
| 9:07 | Arcane Sanctum |
| 9:24 | Advanced Lumber Harvesting |
| 9:49 | Sundering Blades |
| 9:50 | Knight |
| 9:50 | Knight |
| 10:03 | Imbued Masonry |
| 10:09 | Siphon Mana |
| 10:27 | Magic Sentry |
| 10:36 | Scout Tower |
| 11:00 | Mithril Forged Swords |
| 11:45 | Holy Light |
| 12:15 | Guard Tower |
| 12:20 | Farm |
| 12:21 | Farm |
| 12:31 | Town Hall |
| 14:11 | Peasant |
| 14:11 | Peasant |
| 14:17 | Scout Tower |
| 14:18 | Scout Tower |
| 15:38 | Scout Tower |
| 16:15 | Guard Tower |
| 16:21 | Scout Tower |
| 16:22 | Scout Tower |
| 16:23 | Scout Tower |
| 16:24 | Scout Tower |
| 16:25 | Scout Tower |
| 16:54 | Guard Tower |
| 17:35 | Peasant |
| 17:35 | Peasant |
| 17:35 | Peasant |
| 17:35 | Peasant |
| 17:54 | Animal War Training |
| 17:55 | Knight |
| 17:55 | Knight |
| 17:55 | Knight |
| 17:56 | Knight |
| 17:56 | Knight |
| 17:57 | Knight |
| 18:01 | Priest Adept Training |
| 18:08 | Priest |
| 18:08 | Priest |
| 18:08 | Priest |
| 18:08 | Priest |
| 18:09 | Priest |
| 18:39 | Knight |
| 18:56 | Knight |
| 19:24 | Orb of Fire |
| 19:31 | Ivory Tower |
| 19:31 | Ivory Tower |
| 20:34 | Barracks |
| 20:38 | Farm |
| 21:28 | Mithril Plating |
| 21:32 | Priest Master Training |
| 21:35 | Priest |
| 21:35 | Priest |
| Right click | 692 |
| Select | 265 |
| Select group | 164 |
| Build/train/purchase | 96 |
| Use ability | 31 |
| Assign group | 21 |
| Remove unit | 6 |
| Minimap ping | 6 |
| Esc | 2 |
| Item give/drop | 1 |
⇛